 Dungeon Sprint DCSS version 0.32-a0-42-ga30500b4d3 (webtiles) character file.

Game seed: 3758045423913966642

33680 rocky1 the Slayer (level 13, -1/114 HPs)
             Began as a Gargoyle Fighter on Jan 27, 2024.
             Was an Initiate of Gozag.
             Killed by divine providence
             ... invoked by Saint Roka
              (13 damage)
             ... in the Dungeon (Sprint VII: "The Pits").
             The game lasted 00:17:31 (3464 turns).

rocky1 the Slayer (Gargoyle Fighter)                Turns: 3464, Time: 00:17:32

Health: -1/114     AC: 32    Str: 24    XL:     13   Next: 72%
Magic:  13/13      EV:  8    Int: 16    God:    Gozag
Gold:   1387       SH: 11    Dex:  7    Spells: 12/12 levels left

rFire   + + .        b - +2 morningstar (protect)
rCold   + . .        q - +0 kite shield
rNeg    + + .        j - +2 plate armour {rF+}
rPois   ∞            (no helmet)
rElec   +            s - +2 cloak {Stlth+}
rCorr   +            (no gloves)
SInv    .            (no boots)
Will    .....        (no amulet) Stlth
                     r - ring of Duzavaf {rElec Int+6 Dex-2 Slay+6}
HPRegen 0.39/turn    g - ring of positive energy
MPRegen 0.13/turn

%: no teleportation
@: mighty, resistant, on berserk cooldown, slowed, invisible, very slow
A: sickness immunity, AC +9, negative energy resistance 1, electricity
resistance, torment resistance 1, petrification resistance
a: Renounce Religion, Potion Petition, Call Merchant, Bribe Branch


You were in the Dungeon.
You worshipped Gozag.
Gozag was most pleased with you.
You visited 1 branch You collected 10978 gold pieces.
You spent 4243 gold pieces at shops.
You paid 5348 gold pieces to Gozag.

Inventory:

Hand Weapons
 a - the +8 trishula "Condemnation" {holy, anguish, *Noise Fly rN+}
   (You bought it in a shop in the Dungeon)

   rN+:       It protects you from negative energy.
   Fly:       It grants you flight.
   *Noise:    It may make a loud noise when swung.
 b - a +2 morningstar of protection (weapon)
Missiles
 d - 4 datura-tipped darts (quivered)
 x - 5 javelins
Armour
 j - a +2 plate armour of fire resistance (worn)
 q - a +0 kite shield (worn)
 s - a +2 cloak of stealth (worn)
Jewellery
 g - a ring of positive energy (right hand)
 r - the ring of Duzavaf (left hand) {rElec Int+6 Dex-2 Slay+6}
   (You bought it in a shop in the Dungeon)

   [ring of intelligence]

   Int+6:     It affects your intelligence (+6).
   Dex-2:     It affects your dexterity (-2).
   Slay+6:    It affects your accuracy & damage with ranged weapons and melee
   (+6).
   rElec:     It insulates you from electricity.
 u - a ring of flight
 w - the amulet of the Four Winds {rN+ Will+++ Clar}
   (You found it in the Dungeon)

   [amulet of nothing]

   rN+:       It protects you from negative energy.
   Will+++:   It greatly increases your willpower.
   Clar:      It protects you from confusion, rage, mesmerisation and fear.
Wands
 c - a wand of paralysis (4)
 n - a wand of quicksilver (7)
 y - a wand of mindburst (7)
Scrolls
 l - 2 scrolls of vulnerability
 m - 6 scrolls of amnesia
 o - 5 scrolls of enchant weapon
 A - 4 scrolls of enchant armour
Potions
 e - 6 potions of curing
 h - 4 potions of magic
 i - a potion of berserk rage
 k - a potion of invisibility
 t - a potion of mutation
 v - 2 potions of brilliance
 z - 2 potions of resistance


   Skills:
 * Level 26.5 Fighting
 - Level 17.5 Maces & Flails
 * Level 7.1 Polearms
 + Level 14.8 Armour
 + Level 5.3 Dodging
 - Level 13.4 Shields


You had 12 spell levels left.
You didn't know any spells.
Your spell library was empty.

Dungeon Overview and Level Annotations

Branches:
Dungeon (1/1)

Altars:
Ashenzari
Cheibriados
Dithmenos
Elyvilon
Fedhas
Gozag
Hepliaklqana
Kikubaaqudgha
Makhleb
Nemelex Xobeh
Okawaru
Qazlal
Ru
Sif Muna
Trog
Uskayaw
Vehumet
Wu Jian
Xom
Yredelemnul
Zin
The Shining One
Jiyva
Lugonu

Shops:
D =[**

Annotations:
D Saint Roka


Innate Abilities, Weirdness & Mutations

You are immune to sickness and miasma.
Your stone body is resilient. (AC +9)
You are immune to poison.
You resist negative energy. (rN+)
You are resistant to electric shocks. (rElec)
You are resistant to unholy torment.
You are immune to petrification.


Message History

You now have enough gold to fund merchants seeking to open stores in the dungeon.
You now have 1723 gold pieces (gained 198).
The troll bites you but does no damage. The troll barely misses you.
You block the troll's attack.
Saint Roka invokes the aid of Beogh against you.
Beogh smites you! The troll completely misses you.
You block the troll's attack.
The troll claws you but does no damage. [a] - 522 gold - resistance, might and brilliance [b] - 336 gold - resistance and might [c] - 294 gold - resistance and might Purchase which effect?
You no longer have enough gold to fund merchants seeking to open stores in the dungeon.
You feel protected.
You feel very mighty all of a sudden.
Saint Roka invokes the aid of Beogh against you.
Beogh smites you!
* * * LOW HITPOINT WARNING * * *
The troll bites you but does no damage. The troll claws you but does no damage.
You block the troll's attack.
Saint Roka mumbles some strange prayers to Beogh against you.
Beogh smites you!
* * * LOW HITPOINT WARNING * * *
Unknown command.
You feel better. You block the troll's attack. x2
The troll claws you but does no damage.
Saint Roka invokes the aid of Beogh against you.
Beogh smites you!
* * * LOW HITPOINT WARNING * * *
The troll bites you but does no damage. You block the troll's attack.
The troll closely misses you.
As you read the scroll of fear, it crumbles to dust.
You assume a fearsome visage.
Saint Roka looks frightened!
The troll looks frightened!
Unknown command.
You feel better.
You fade into invisibility!
Saint Roka invokes the aid of Beogh against you.
Beogh smites you!
You die...
Saint Roka roars, "Praise to Beogh!"
Your body crumbles into a pile of gold.

#..........#
####################..#....#..#
..................''..........#
..................''..........#
################..##..#....#..# #
#o#o#o#o#T#.#..##..........+ #
#.#?#.#|#.##..##..........+ #
#T#.#T#[#o#..####''####''# #
#h#)#$#.#)@.####''####''### #
#[#.#$#)#o.##......##∩....
################..##.#'##.##∩....
..................##.#..'.##..###
..................##.'[[#.##..#
#######++###########.#..).##..#
#######++###########.+..#)##..#
..............##..##.##'#.##..#
....#..#......##..##......##..#


You could see Saint Roka (unable to see you), a troll (unable to see you,
fleeing) and an orc (unable to see you).

Vanquished Creatures
  A profane servitor (D)
  A tentacled monstrosity (D)
  A death cob (D)
  3 nagarajas (D)
  An emperor scorpion (D)
  A minotaur (D)
  An ettin (D)
  A merfolk javelineer (D)
  2 hydras (D)
  2 catoblepae (D)
  A rakshasa (D)
  3 boulder beetles (D)
  6 death yaks (D)
  3 vampire magi (D)
  An orc high priest (D)
  A fire crab (D)
  A sixfirhy (D)
  A sea snake (D)
  A spriggan druid (D)
  A large abomination (D)
  A flayed ghost (D)
  A deep troll (D)
  A wolf spider (D)
  A deep elf pyromancer (D)
  An orc knight (D)
  A phantasmal warrior (D)
  A black mamba (D)
  2 smoke demons (D)
  An unseen horror (D)
  An efreet (D)
  A kobold demonologist (D)
  A freezing wraith (D)
  Psyche (D)
  An ice devil (D)
  A troll (D)
  A polar bear (D)
  A hellwing (D)
  A hornet (D)
  A glass eye (D)
  3 tyrant leeches (D)
  A jumping spider (D)
  2 shadows (D)
  4 yaks (D)
  A spriggan (D)
  3 wyverns (D)
  A chaos spawn (D)
  A fire bat (D)
  A warg (D)
  A redback (D)
  A vampire mosquito (D)
  An acid dragon (D)
  7 orc warriors (D)
  A black bear (D)
  A laughing skull (D)
  2 sky beasts (D)
  4 ogres (D)
  A wolf (D)
  A small abomination (D)
  2 centaurs (D)
  3 brain worms (D)
  2 necrophages (D)
  A gnoll sergeant (D)
  A scorpion (D)
  An orc priest (D)
  An iron imp (D)
  An iguana (D)
  An orc wizard (D)
  5 gnolls (D)
  A ribbon worm (D)
  9 orcs (D)
  2 ball pythons (D)
  2 endoplasms (D)
  A giant cockroach (D)
  A goblin (D)
  A jackal (D)
  2 quokkas (D)
  A ball python simulacrum (D)
  2 frilled lizards (D)
  A giant cockroach zombie (D)
  A rat (D)
132 creatures vanquished.

Notes
Turn   | Place    | Note
-------+----------+-------------------------------------------
     0 | D        | rocky1 the Gargoyle Fighter began the quest for the Orb.
     0 | D        | Reached XP level 1. HP: 14/14 MP: 1/1
    11 | D        | Noticed a scorpion
    31 | D        | Killed a scorpion
    32 | D        | Reached skill level 5 in Fighting
    32 | D        | Reached skill level 5 in Armour
    32 | D        | Reached skill level 5 in Shields
    32 | D        | Reached XP level 2. HP: 17/21 MP: 2/2
    32 | D        | Reached XP level 3. HP: 21/26 MP: 3/3
    36 | D        | Found a bloodstained altar of Trog.
    36 | D        | Found a shimmering blue altar of Sif Muna.
    36 | D        | Found a viscous altar of Jiyva.
    36 | D        | Found a hazy altar of Hepliaklqana.
    36 | D        | Found an opulent altar of Gozag.
    37 | D        | Found a glowing golden altar of the Shining One.
    37 | D        | Found a glowing silver altar of Zin.
    37 | D        | Found a basalt altar of Yredelemnul.
    37 | D        | Found a shimmering altar of Xom.
    37 | D        | Found an ornate altar of the Wu Jian Council.
    37 | D        | Found a sacrificial altar of Ru.
    37 | D        | Found a stormy altar of Qazlal.
    37 | D        | Found an iron altar of Okawaru.
    37 | D        | Found a sparkling altar of Nemelex Xobeh.
    37 | D        | Found a burning altar of Makhleb.
    37 | D        | Found a blossoming altar of Fedhas.
    37 | D        | Found a white marble altar of Elyvilon.
    37 | D        | Found a shadowy altar of Dithmenos.
    37 | D        | Found a snail-covered altar of Cheibriados.
    40 | D        | Found a corrupted altar of Lugonu.
    40 | D        | Found a radiant altar of Vehumet.
    41 | D        | Found an ancient bone altar of Kikubaaqudgha.
    41 | D        | Found a hide-covered altar of Uskayaw.
    41 | D        | Found a broken altar of Ashenzari.
    44 | D        | Became a worshipper of Gozag Ym Sagoz the Greedy
    80 | D        | Reached XP level 4. HP: 28/31 MP: 4/4
   129 | D        | Noticed a brain worm
   145 | D        | Killed a brain worm
   146 | D        | Reached skill level 6 in Fighting
   146 | D        | Reached skill level 1 in Dodging
   146 | D        | Reached XP level 5. HP: 10/36 MP: 0/5
   319 | D        | Reached skill level 5 in Maces & Flails
   400 | D        | Reached skill level 7 in Fighting
   400 | D        | Reached XP level 6. HP: 13/44 MP: 6/6
   527 | D        | Noticed a sky beast
   539 | D        | Killed a sky beast
   549 | D        | Noticed a vampire mosquito
   565 | D        | Killed a vampire mosquito
   566 | D        | Reached skill level 8 in Fighting
   566 | D        | Reached XP level 7. HP: 41/49 MP: 7/7
   595 | D        | Noticed a fire bat
   609 | D        | Killed a fire bat
   619 | D        | Reached skill level 9 in Fighting
   619 | D        | Reached skill level 10 in Maces & Flails
   661 | D        | Bought the ring of Duzavaf {rElec Int+6 Dex-2 Slay+6} for
                  | 1065 gold pieces
   669 | D        | Noticed a troll
   669 | D        | Noticed a shadow
   682 | D        | Killed a shadow
   683 | D        | Reached XP level 8. HP: 35/57 MP: 8/8
   690 | D        | Killed a troll
   691 | D        | Reached skill level 10 in Fighting
   824 | D        | Noticed a sea snake
   836 | D        | Killed a sea snake
   837 | D        | Reached skill level 11 in Fighting
   837 | D        | Reached skill level 10 in Armour
   837 | D        | Reached XP level 9. HP: 38/64 MP: 9/9
  1197 | D        | Noticed a boulder beetle
  1197 | D        | Noticed a smoke demon
  1208 | D        | Killed a smoke demon
  1222 | D        | Killed a boulder beetle
  1223 | D        | Reached skill level 12 in Fighting
  1223 | D        | Reached skill level 10 in Shields
  1497 | D        | Noticed an efreet
  1510 | D        | Killed an efreet
  1511 | D        | Reached XP level 10. HP: 72/72 MP: 10/10
  1524 | D        | Killed an unseen horror
  1525 | D        | Reached skill level 13 in Fighting
  1708 | D        | Noticed a deep elf pyromancer
  1723 | D        | Reached skill level 15 in Maces & Flails
  1726 | D        | Killed a deep elf pyromancer
  1851 | D        | Noticed a nagaraja
  1852 | D        | Noticed a flayed ghost
  1861 | D        | Killed a flayed ghost
  1862 | D        | Reached skill level 14 in Fighting
  1873 | D        | Killed a nagaraja
  1874 | D        | Reached XP level 11. HP: 39/80 MP: 11/11
  2105 | D        | Noticed a death cob
  2106 | D        | Noticed a deep troll
  2108 | D        | Noticed a nagaraja
  2111 | D        | Noticed a phantasmal warrior
  2131 | D        | Killed a death cob
  2132 | D        | Reached skill level 15 in Fighting
  2134 | D        | Killed a phantasmal warrior
  2145 | D        | HP: 1/82 [nagaraja/+0 spear (22)]
  2175 | D        | Killed a nagaraja
  2188 | D        | Reached skill level 16 in Fighting
  2192 | D        | Killed a deep troll
  2408 | D        | Noticed an eight-headed hydra
  2408 | D        | Noticed a boulder beetle
  2422 | D        | Killed an eight-headed hydra
  2451 | D        | Killed a boulder beetle
  2452 | D        | Reached skill level 5 in Dodging
  2709 | D        | Noticed a rakshasa
  2719 | D        | Killed a rakshasa
  2720 | D        | Reached skill level 17 in Fighting
  2720 | D        | Reached XP level 12. HP: 91/91 MP: 12/12
  2733 | D        | Noticed a death yak
  2733 | D        | Noticed a death yak
  2733 | D        | Noticed a death yak
  2735 | D        | Noticed a death yak
  2736 | D        | Noticed a death yak
  2739 | D        | Noticed a death yak
  2740 | D        | Killed a death yak
  2741 | D        | Reached skill level 18 in Fighting
  2743 | D        | Killed a death yak
  2750 | D        | Killed a death yak
  2755 | D        | Killed a death yak
  2756 | D        | Reached skill level 19 in Fighting
  2759 | D        | Killed a death yak
  2766 | D        | Killed a death yak
  2767 | D        | Reached skill level 20 in Fighting
  2811 | D        | Noticed an orc high priest
  2820 | D        | Killed an orc high priest
  2833 | D        | Reached skill level 21 in Fighting
  3007 | D        | Bought a +2 plate armour of fire resistance for 680 gold
                  | pieces
  3007 | D        | Bought a potion of might for 68 gold pieces
  3057 | D        | Bought a potion of curing for 63 gold pieces
  3057 | D        | Bought a potion of curing for 63 gold pieces
  3057 | D        | Bought the +8 trishula "Condemnation" {holy, anguish,
                  | *Noise Fly rN+} for 1801 gold pieces
  3057 | D        | Found the +8 trishula "Condemnation" {holy, anguish, *Noise
                  | Fly rN+}
  3057 | D        | Bought a brass wand for 84 gold pieces
  3057 | D        | Bought an embroidered cloak for 157 gold pieces
  3057 | D        | Bought a scroll of enchant weapon for 157 gold pieces
  3057 | D        | Bought a runed cabochon ring for 105 gold pieces
  3085 | D        | Found the amulet of the Four Winds {rN+ Will+++ Clar}
  3085 | D        | Noticed a four-headed hydra
  3085 | D        | Noticed a catoblepas
  3085 | D        | Noticed an ettin
  3085 | D        | Noticed a nagaraja
  3085 | D        | Noticed an emperor scorpion
  3085 | D        | Noticed a minotaur
  3085 | D        | Noticed a vampire mage
  3090 | D        | Killed a four-headed hydra
  3091 | D        | Reached skill level 1 in Polearms
  3113 | D        | Killed a nagaraja
  3114 | D        | Reached skill level 22 in Fighting
  3115 | D        | Killed a catoblepas
  3128 | D        | Killed a minotaur
  3137 | D        | Killed an emperor scorpion
  3142 | D        | Killed a vampire mage
  3143 | D        | Reached skill level 23 in Fighting
  3143 | D        | Reached XP level 13. HP: 82/108 MP: 13/13
  3148 | D        | Killed an ettin
  3331 | D        | Reached skill level 5 in Polearms
  3339 | D        | Reached skill level 24 in Fighting
  3339 | D        | Noticed a merfolk javelineer
  3348 | D        | Killed a merfolk javelineer
  3375 | D        | Noticed a tentacled monstrosity
  3385 | D        | Killed a tentacled monstrosity
  3385 | D        | Noticed Psyche
  3386 | D        | Reached skill level 25 in Fighting
  3386 | D        | Killed Psyche
  3401 | D        | Identified the staff of the Inferno {Str+3 Earth}
  3413 | D        | Noticed a profane servitor
  3433 | D        | Killed a profane servitor
  3434 | D        | Reached skill level 26 in Fighting
  3442 | D        | Noticed Saint Roka
  3461 | D        | HP: 2/114 [Saint Roka/divine providence (16)]
  3464 | D        | Killed from afar by Saint Roka

Illustrated notes

Levels and vault maps discovered:
D:        pitsprint [storerooms_1, entrance_room_1, metal_vault_2, armoury_2,
          mini_pit_1, grid_room_1, main_hall_1, silver_pit, the_coven_2,
          the_vestibule_1, steel_vault_1, golden_pit, hallway_of_sentries,
          crystal_vault_6, iron_vault_2, final_vault]

Skill      XL: |  1  2  3  4  5  6  7  8  9 10 11 12 13 |
---------------+----------------------------------------+-----
Fighting       | 5 6 7 8 9 11 12 14 17 23 26 | 26.5
Maces & Flails | 3 4 7 9 10 12 14 16 17 | 17.5
Armour         | 5 6 7 8 9 10 11 13 14 | 14.8
Shields        | 5 6 7 8 9 10 11 13 | 13.4
Dodging        | 1 5 |  5.3
Polearms       | 4 7 |  7.1

Action                     |  1- 3 |  4- 6 |  7- 9 | 10-12 | 13-15 || total
---------------------------+-------+-------+-------+-------+-------++-------
  Melee: Flail             |    22 |    33 |       |       |       ||    55
         Mace              |       |   108 |    38 |       |       ||   146
         Morningstar       |       |       |    54 |   269 |   110 ||   433
 Invoke: Call Merchant     |       |       |     1 |     3 |       ||     4
         Potion Petition   |       |       |       |     3 |     3 ||     6
    Use: Potion            |       |       |     1 |    20 |     9 ||    30
         Scroll            |       |       |       |     3 |     1 ||     4
   Stab: Distracted        |       |     1 |       |     1 |     1 ||     3
         Petrified         |       |       |       |     6 |     1 ||     7
         Petrifying        |       |       |       |     1 |     1 ||     2
         Invisible         |       |       |       |       |     2 ||     2
 Armour: Scale mail        |    18 |    17 |       |       |       ||    35
         Plate armour      |       |    75 |    82 |   262 |   108 ||   527
  Dodge: Dodged            |    12 |    32 |    19 |    64 |    17 ||   144
  Block: Buckler           |     4 |    18 |       |       |       ||    22
         Kite shield       |       |     4 |    40 |   139 |    52 ||   235

Table legend: (Time is in decaauts)
 A = Elapsed time spent in this place.
 B = Non-inter-level travel time spent in this place.
 C = Inter-level travel time spent in this place.
 D = Time resting spent in this place.
 E = Time spent auto-exploring this place.
 F = Levels seen in this place.
 G = Mean time per level.
                   A        B        C        D        E       F      G
               +--------+--------+--------+--------+--------+-----+--------+
         Total |   3425 |   3358 |     67 |   1699 |      0 |   1 | 3425.0 |
       Dungeon |   3425 |   3358 |     67 |   1699 |      0 |   1 | 3425.0 |
               +--------+--------+--------+--------+--------+-----+--------+

Top non-repeatable levels by time:
       D: 3425 daAuts
